 Dungeon Crawl Stone Soup version 0.26.1-2-gb8aa6d0cf2 (webtiles) character file.

Game seed: 461275039315785773

104799 ig87 the Fighter (level 15, -3/139 HPs)
             Began as a Green Draconian Conjurer on Feb 25, 2021.
             Was a High Priest of Vehumet.
             Slain by a freezing wraith (9 damage)
             ... led by a death knight
             ... on level 14 of the Dungeon on Feb 26, 2021.
             The game lasted 03:00:34 (37206 turns).

ig87 the Fighter (Green Draconian Conjurer)        Turns: 37206, Time: 03:00:34

Health: -3/139     AC: 13    Str: 15    XL:     15   Next: 92%
Magic:  4/29       EV: 14    Int: 24    God:    Vehumet [*****.]
Gold:   1308       SH: 22    Dex: 11    Spells: 2/34 levels left

rFire    . . .     SeeInvis .   b - staff of conjuration
rCold    + . .     Faith    .   g - +1 tower shield
rNeg     . . .     Spirit   .   (armour unavailable)
rPois    +         Reflect  +   (helmet restricted)
rElec    +         Harm     .   (no cloak)
rCorr    .         Rampage  .   U - +1 pair of gloves of Spite {rC+ Str+6 Stlth+}
Will     +....     Rnd*Rage +   S - +0 pair of boots
Stlth    ++++......             x - amulet of reflection
HPRegen  0.33/turn              Q - ring of stealth
MPRegen  0.21/turn              z - ring of willpower

@: weak-willed, slowed, studying Fighting, very slow
A: breathe noxious fumes, unfitting armour, horns 1, stinger 1, berserk 1,
poison resistance, shaggy fur 1, electricity resistance, cold-blooded, AC +9
a: Breathe Noxious Fumes, Renounce Religion


You were on level 14 of the Dungeon.
You worshipped Vehumet.
Vehumet was extremely pleased with you.
You visited 3 branches of the dungeon, and saw 22 of its levels.
You also visited: Volcano.

You collected 1308 gold pieces.

Inventory:

Hand Weapons
 a - a +3 trident of electrocution
Missiles
 f - 35 poisoned darts
 O - 10 curare-tipped darts
Armour
 g - a +1 tower shield (worn)
 S - a +0 pair of boots (worn)
 U - the +1 pair of gloves of Spite (worn) {rC+ Str+6 Stlth+}
   (You found it on level 6 of the Lair of Beasts)

   It affects your strength (+6).
   It protects you from cold.
   It makes you more stealthy.
Magical Staves
 b - an uncursed staff of conjuration (weapon)
Jewellery
 j - an uncursed ring of fire
 o - an uncursed ring of protection from fire
 q - an uncursed ring of flight
 x - an amulet of reflection (around neck)
 z - a ring of willpower (right hand)
 G - an uncursed ring of positive energy
 I - an uncursed ring of ice
 K - an uncursed ring of resist corrosion
 Q - a ring of stealth (left hand)
 V - an uncursed ring of fire
 W - a cursed -4 ring of evasion
Wands
 k - a wand of iceblast (19)
 n - a wand of flame (57)
 y - a wand of polymorph (5)
 B - a wand of acid (30)
 J - a wand of disintegration (16)
 X - a wand of paralysis (7)
Scrolls
 d - a scroll of enchant weapon
 e - 26 scrolls of identify
 h - 6 scrolls of amnesia
 i - 10 scrolls of teleportation
 m - 2 scrolls of immolation
 s - 3 scrolls of magic mapping
 t - 2 scrolls of blinking
 v - 14 scrolls of remove curse
 H - a scroll of fear
 R - a scroll of holy word
Potions
 c - 7 potions of heal wounds
 l - 4 potions of flight
 p - 5 potions of berserk rage
 r - 7 potions of curing
 u - 3 potions of lignification
 A - a potion of mutation
 D - 3 potions of haste
 E - 2 potions of cancellation
 F - 2 potions of brilliance
 L - a potion of magic
 P - 2 potions of ambrosia
Books
 C - a manual of Fighting


   Skills:
 + Level 14.4 Fighting
 + Level 10.3 Dodging
 + Level 3.4 Stealth
 + Level 10.9 Shields
 + Level 10.3 Spellcasting
 + Level 11.6 Conjurations
 + Level 8.7 Fire Magic
 + Level 10.6 Poison Magic
 + Level 3.5 Evocations


You had 2 spell levels left.
You knew the following spells:

 Your Spells              Type           Power        Failure   Level
a - Magic Dart            Conj           100%         1%          1
b - Searing Ray           Conj           100%         1%          2
c - Mephitic Cloud        Conj/Pois/Air  64%          1%          3
d - Sticky Flame          Conj/Fire      75%          1%          4
e - Olgreb's Toxic Radia  Pois           59%          1%          4
f - Iskenderun's Mystic   Conj/Tloc      57%          8%          4
g - Fulminant Prism       Conj/Hex       28%          8%          4
h - Iskenderun's Battles  Conj           80%          2%          5
i - Fireball              Conj/Fire      37%          3%          5

Your spell library contained the following spells:

 Spells                   Type           Power        Failure   Level
 Poisonous Vapours        Pois/Air       74%          5%          2
 Animate Skeleton         Necr           24%          32%         1
 Apportation              Tloc           24%          32%         1
 Beastly Appendage        Tmut           24%          32%         1
 Corona                   Hex            13%          32%         1
 Pain                     Necr           48%          32%         1
 Summon Small Mammal      Summ           48%          32%         1
 Blink                    Tloc           N/A          43%         2
 Call Imp                 Summ           12%          43%         2
 Corpse Rot               Necr/Air       N/A          43%         2
 Ensorcelled Hibernation  Hex/Ice        24%          43%         2
 Slow                     Hex            12%          43%         2
 Wereblood                Tmut           12%          43%         2
 Conjure Flame            Conj/Fire      75%          1%          3
 Dazzling Flash           Conj/Hex       100%         2%          3
 Inner Flame              Hex/Fire       33%          4%          3
 Spider Form              Tmut/Pois      18%          11%         3
 Bolt of Magma            Conj/Fire/Erth 30%          14%         5
 Orb of Destruction       Conj           40%          47%         7
 Call Canine Familiar     Summ           12%          67%         3
 Confusing Touch          Hex            12%          67%         3
 Gell's Gravitas          Tloc           6%           67%         3
 Portal Projectile        Hex/Tloc       24%          67%         3
 Tukima's Dance           Hex            12%          67%         3
 Vampiric Draining        Necr           6%           67%         3
 Iron Shot                Conj/Erth      28%          71%         6
 Freezing Cloud           Conj/Ice/Air   23%          90%         6
 Animate Dead             Necr           6%           97%         4
 Cause Fear               Hex            6%           97%         4
 Ice Form                 Ice/Tmut       12%          97%         4
 Leda's Liquefaction      Hex/Erth       6%           97%         4
 Spellforged Servitor     Conj/Summ      28%          99%         7
 Agony                    Necr           12%          100%        5
 Blade Hands              Tmut           6%           100%        5
 Excruciating Wounds      Necr           6%           100%        5
 Simulacrum               Ice/Necr       6%           100%        6
 Statue Form              Tmut/Erth      8%           100%        6


Dungeon Overview and Level Annotations

Branches:
Dungeon (15/15)            Temple (1/1) D:5            Lair (6/6) D:10
  Swamp (0/4) Lair:4       Spider (0/4) Lair:3        Slime (0/5) Lair:5
    Orc (0/2) D:9          Vaults (0/5) D:14         Depths (0/5) D:15
Volcano (visited)

Altars:
Ashenzari
Cheibriados
Dithmenos
Elyvilon
Hepliaklqana
Kikubaaqudgha
Makhleb
Okawaru
Qazlal
Ru
Sif Muna
Trog
Uskayaw
Vehumet
Xom
Yredelemnul
Zin
The Shining One
Jiyva

Shops:
D:6 (   D:9 *   D:11 ?   D:13 ?   D:15 :

Annotations:
D:9 exclusion: downstairs
D:12 1 runed translucent door
D:13 exclusion: ice statue
D:14 1 transporter, 5 runed translucent doors, Tulety's ghost, adept FoFi
Lair:3 exclusion: downstairs


Innate Abilities, Weirdness & Mutations

You can breathe blasts of noxious fumes.
Your lurid green scales are hard. (AC +9)
You cannot fit into any form of body armour.
Your tail ends in a poisonous barb.
Your system is resistant to poisons. (rPois)
You are cold-blooded and may be slowed by cold attacks.
You have a pair of small horns on your head.
You tend to lose your temper in combat.
You are covered in fur. (AC +1)
You are resistant to electric shocks. (rElec)


Message History

Press: ? - help, Shift-Dir - straight line, f/p - freezing wraith
Aim: a freezing wraith (17% to evade)
You feel a surge of power!
The searing ray hits the freezing wraith!
The freezing wraith is lightly damaged. (Press . to maintain the ray.)
You block the freezing wraith's attack. The freezing wraith hits you!
* * * LOW HITPOINT WARNING * * *
The freezing wraith drains your vigour!
You feel yourself slow down.
The searing ray misses the freezing wraith.
You block the freezing wraith's attack. The freezing wraith hits you!
* * * LOW HITPOINT WARNING * * *
The freezing wraith drains your vigour!
You feel as though you will be slow longer.
The searing ray hits the freezing wraith!
The freezing wraith is moderately damaged.
The freezing wraith hits you.
* * * LOW HITPOINT WARNING * * *
The freezing wraith freezes you! You resist.
You die...

.........#####.#
########.#.....# # #.#.###.#
# #.#>#.#.#############
#.#.................#
#.#####.###########.#
#...<..)..# #.#
##############.#.# #.#
..............[.@# #.#
##############[#W# #.# ###
##### #)#.# #.#
..####...#####.#.# #.#
..'..'...'.....#.# #.#
..####.#########.#########.#
.....#.#..V....###.........#
...#.###.##.Z♣p{z+.#########
...#.##Z.#8....♣w#.#


You could see a freezing wraith.

Vanquished Creatures
  Agnes (D:15)
  An ogre mage (D:10)
  4 hydras
  3 boulder beetles
  2 catoblepae
  A deep troll shaman (Lair:6)
  A centaur warrior (D:15)
  2 two-headed ogres (D:13)
  2 death knights
  6 death yaks (Lair:6)
  A fire crab (Lair:4)
  4 skeletal warriors (D:13)
  An unseen horror (shapeshifter) (D:13)
  2 unseen horrors
  4 wizards
  2 bog bodies (Lair:4)
  2 phantasmal warriors (D:14)
  A necromancer (D:15)
  10 ugly things
  4 deep elf magi
  4 cyclopes
  2 manticores
  5 elephants (Lair:6)
  6 black mambas
  Maurice (D:9)
  A gargoyle (D:12)
  A smoke demon (Volcano)
  2 torpor snails
  10 cane toads
  A kobold demonologist (D:13)
  A freezing wraith (D:14)
  3 rime drakes
  9 komodo dragons
  2 red devils (Volcano)
  5 meliai
  A jumping spider (Lair:3)
  5 polar bears
  9 blink frogs
  5 trolls
  A polar bear (shapeshifter) (D:14)
  4 slime creatures (D:13)
  A centaur simulacrum (D:15)
  3 shadows
  Sigmund (D:2)
  40 yaks
  2 basilisks (D:10)
  4 wyverns
  4 vampire mosquitoes
  3 swamp worms (Lair:4)
  A soldier ant (D:15)
  14 water moccasins
  5 sky beasts
  6 black bears
  An eye of draining (D:10)
  3 ice beasts
  A hornet zombie (D:10)
  8 orc warriors
  6 phantoms
  4 boggarts (Lair:5)
  6 ogres
  14 wolves
  14 centaurs
  22 bullfrogs
  2 wyvern zombies
  A wyvern skeleton (D:12)
  2 scorpions
  7 killer bees (D:10)
  14 wights
  3 howler monkeys (D:10)
  5 vampire bats
  9 electric eels
  6 centaur zombies
  7 bullfrog zombies
  4 quasits
  6 hounds
  14 orc wizards
  8 centaur skeletons
  9 orc priests
  4 jellies
  3 bullfrog skeletons
  6 iguanas
  15 worker ants
  4 hell rats (Lair:5)
  A killer bee zombie (D:9)
  2 hound skeletons
  A hound zombie (D:11)
  2 worker ant zombies
  The ghost of Groucho the Sneak, a weakling SpEn (D:3)
  A howler monkey zombie (D:5)
  7 gnolls
  12 adders
  3 shadow imps
  5 white imps
  8 oozes
  6 worms
  2 dart slugs (D:1)
  4 leopard geckos
  85 orcs
  3 ball pythons
  4 bat zombies (D:6)
  3 giant cockroaches
  9 goblins
  5 hobgoblins
  11 jackals
  4 quokkas
  14 bats
  A frilled lizard (D:3)
  2 giant cockroach zombies (D:5)
  A jackal zombie (D:7)
  9 kobolds
  A leopard gecko zombie (D:5)
  A quokka skeleton (D:3)
  6 rats
  A bush (Lair:6)
639 creatures vanquished.

Vanquished Creatures (others)
  An unseen horror (D:13)
  A hell rat (Lair:5)
  5 fulminant prisms
  18 fungi
  107 plants
132 creatures vanquished.

Grand Total: 771 creatures vanquished

Notes
Turn   | Place    | Note
-------+----------+-------------------------------------------
     0 | D:1      | ig87 the Draconian Conjurer began the quest for the Orb.
     0 | D:1      | Reached XP level 1. HP: 14/14 MP: 3/3
   521 | D:1      | Reached XP level 2. HP: 22/22 MP: 1/5
   566 | D:1      | Learned a level 2 spell: Searing Ray
   766 | D:1      | Reached skill level 1 in Fighting
  1339 | D:2      | Reached XP level 3. HP: 28/28 MP: 4/6
  2316 | D:2      | Noticed Sigmund
  2326 | D:2      | Killed Sigmund
  2327 | D:2      | Reached skill level 2 in Fighting
  2327 | D:2      | Reached skill level 1 in Shields
  2327 | D:2      | Reached XP level 4. HP: 9/37 MP: 1/8
  2327 | D:2      | Reached XP level 5. HP: 10/42 MP: 1/9
  2750 | D:2      | Found a burning altar of Makhleb.
  2750 | D:2      | Noticed an Executioner
  2753 | D:2      | Noticed a ynoxinul
  2753 | D:2      | Noticed a hellwing
  3357 | D:3      | Noticed Groucho's ghost (weakling SpEn)
  3398 | D:3      | Found a runed translucent door.
  3413 | D:3      | Killed Groucho's ghost
  3414 | D:3      | Reached XP level 6. HP: 50/50 MP: 3/10
  3722 | D:3      | Found a shadowy altar of Dithmenos.
  3829 | D:3      | Found a stormy altar of Qazlal.
  4235 | D:4      | Reached skill level 5 in Conjurations
  4331 | D:4      | Reached skill level 3 in Fighting
  5107 | D:4      | Your scales start taking on a lurid green colour.
  5107 | D:4      | Reached XP level 7. HP: 53/57 MP: 7/12
  5107 | D:4      | Gained mutation: Your system is resistant to poisons.
                  | (rPois) [Green Draconian growth]
  5650 | D:5      | Entered Level 5 of the Dungeon
  5914 | D:5      | Found a staircase to the Ecumenical Temple.
  5922 | Temple   | Entered the Ecumenical Temple
  5989 | Temple   | Became a worshipper of Vehumet
  6017 | D:5      | Reached skill level 4 in Fighting
  6745 | D:5      | Reached XP level 8. HP: 48/67 MP: 2/14
  6833 | D:5      | Found a sacrificial altar of Ru.
  6837 | D:5      | Found a hazy altar of Hepliaklqana.
  7402 | D:5      | Learned a level 4 spell: Fulminant Prism
  7407 | D:5      | Learned a level 4 spell: Iskenderun's Mystic Blast
  7605 | D:6      | Reached * piety under Vehumet
  7605 | D:6      | Offered knowledge of Shock by Vehumet.
  7702 | D:6      | Reached skill level 5 in Fighting
  7830 | D:6      | Found Laupleoq's Weapon Emporium.
  7991 | D:6      | Found a hide-covered altar of Uskayaw.
  7991 | D:6      | Found a broken altar of Ashenzari.
  8018 | D:6      | Found a snail-covered altar of Cheibriados.
  8290 | D:6      | Found a basalt altar of Yredelemnul.
  8487 | D:6      | Reached skill level 5 in Spellcasting
  8490 | D:6      | Reached skill level 5 in Dodging
  8757 | D:6      | Found an ancient bone altar of Kikubaaqudgha.
  8891 | D:7      | Reached XP level 9. HP: 75/75 MP: 16/16
 10122 | D:7      | Reached skill level 6 in Fighting
 10163 | D:7      | Reached skill level 5 in Shields
 10727 | D:8      | Killed an unseen horror
 11443 | D:8      | Offered knowledge of Sandblast by Vehumet.
 11522 | D:8      | Reached ** piety under Vehumet
 11698 | D:8      | Reached skill level 7 in Fighting
 12306 | D:9      | Reached XP level 10. HP: 86/86 MP: 19/19
 12505 | D:9      | Found a staircase to the Orcish Mines.
 12517 | D:9      | Offered knowledge of Mephitic Cloud by Vehumet.
 12547 | D:9      | Learned a level 3 spell: Mephitic Cloud
 12767 | D:9      | Reached skill level 1 in Poison Magic
 12771 | D:9      | Reached *** piety under Vehumet
 13232 | D:9      | Found Haodom's General Store.
 13245 | D:9      | Offered knowledge of Sticky Flame by Vehumet.
 13251 | D:9      | Learned a level 4 spell: Sticky Flame
 13418 | D:9      | Noticed Maurice
 13427 | D:9      | Killed Maurice
 14142 | D:10     | Entered Level 10 of the Dungeon
 14142 | D:10     | Noticed a gargoyle
 14267 | D:10     | Reached skill level 1 in Fire Magic
 14547 | D:10     | Noticed a purple ugly thing
 14556 | D:10     | Killed a purple ugly thing
 14556 | D:10     | Reached **** piety under Vehumet
 14570 | D:10     | Noticed a deep elf mage
 14576 | D:10     | Noticed a sixfirhy
 14916 | D:10     | Killed a deep elf mage
 15233 | D:10     | Noticed an ogre mage
 15245 | D:10     | Offered knowledge of Lee's Rapid Deconstruction by Vehumet.
 15246 | D:10     | Reached skill level 8 in Fighting
 15300 | D:10     | Killed an ogre mage
 15301 | D:10     | Reached XP level 11. HP: 94/94 MP: 5/21
 15607 | D:10     | Identified Xischog's Disquisition on Transmutation and
                  | Black Rituals
 15748 | D:10     | Found a staircase to the Lair.
 16029 | D:10     | Gained mutation: You are resistant to electric shocks.
                  | (rElec) [potion of mutation]
 16029 | D:10     | Gained mutation: You have a pair of small horns on your
                  | head. [potion of mutation]
 16029 | D:10     | Gained mutation: You tend to lose your temper in combat.
                  | [potion of mutation]
 16029 | D:10     | Gained mutation: You are covered in fur. (AC +1) [potion of
                  | mutation]
 16101 | D:10     | Identified the Reference Book on Creation and the Compass
 16111 | D:10     | Found a runed translucent door.
 16112 | D:10     | Found a runed translucent door.
 16899 | D:11     | You fall into a shaft and drop 1 floor!
 16900 | D:12     | Noticed a red ugly thing
 17085 | D:11     | Found Hiefraci's Magic Scroll Shoppe.
 17105 | D:11     | Reached skill level 1 in Evocations
 17133 | D:11     | Found a broken altar of Ashenzari.
 17260 | D:11     | Reached ***** piety under Vehumet
 17672 | Lair:1   | Entered Level 1 of the Lair of Beasts
 17789 | Lair:1   | Offered knowledge of Lightning Bolt by Vehumet.
 17984 | Lair:1   | Reached skill level 9 in Fighting
 18005 | Lair:1   | Reached skill level 5 in Poison Magic
 18160 | Lair:1   | You fall into a shaft and drop 1 floor!
 18161 | Lair:2   | Noticed a four-headed hydra
 18167 | Lair:2   | Killed a four-headed hydra
 19734 | Lair:2   | Reached XP level 12. HP: 106/106 MP: 16/23
 20724 | Lair:3   | Reached skill level 10 in Fighting
 21558 | Lair:3   | Reached skill level 5 in Fire Magic
 22128 | Lair:3   | Found a hole to the Spider Nest.
 22934 | Lair:4   | Reached skill level 11 in Fighting
 23503 | Lair:4   | Found a staircase to the Swamp.
 23743 | Lair:4   | Reached skill level 10 in Conjurations
 23949 | Lair:4   | Reached XP level 13. HP: 116/116 MP: 14/25
 24200 | Lair:5   | Found a dark tunnel.
 24205 | Volcano  | Entered a volcano
 25335 | Lair:5   | Found a staircase to the Slime Pits.
 25347 | Lair:5   | Learned a level 5 spell: Iskenderun's Battlesphere
 26280 | Lair:6   | Entered Level 6 of the Lair of Beasts
 26401 | Lair:6   | Offered knowledge of Olgreb's Toxic Radiance by Vehumet.
 26407 | Lair:6   | Learned a level 4 spell: Olgreb's Toxic Radiance
 26999 | Lair:6   | Reached skill level 12 in Fighting
 30036 | Lair:6   | Got a pair of heavily runed gloves
 30047 | Lair:6   | Identified the +1 pair of gloves of Spite {rC+ Str+6
                  | Stlth+} (You found it on level 6 of the Lair of Beasts)
 30578 | D:12     | Gained mutation: Your tail ends in a poisonous barb. [Green
                  | Draconian growth]
 30578 | D:12     | Reached XP level 14. HP: 127/127 MP: 23/27
 30652 | D:12     | Found a runed translucent door.
 31915 | D:13     | Reached skill level 10 in Shields
 32126 | D:13     | Reached skill level 13 in Fighting
 32538 | D:13     | Found Lebasa Ysia's Magic Scroll Boutique.
 34745 | D:14     | Reached skill level 10 in Dodging
 34745 | D:14     | Reached skill level 10 in Spellcasting
 34745 | D:14     | Reached skill level 10 in Poison Magic
 34745 | D:14     | Reached XP level 15. HP: 137/137 MP: 27/29
 35187 | D:14     | Found a transporter.
 35358 | D:14     | Reached skill level 14 in Fighting
 35420 | D:14     | Found a runed translucent door.
 35420 | D:14     | Found a runed translucent door.
 35439 | D:14     | Offered knowledge of Fireball by Vehumet.
 35481 | D:14     | Learned a level 5 spell: Fireball
 35556 | D:14     | Found a runed translucent door.
 35636 | D:14     | Found a runed translucent door.
 35639 | D:14     | Noticed Tulety's ghost (adept FoFi)
 35644 | D:14     | Found a runed translucent door.
 35645 | D:14     | Identified the +0 plate armour "Yhanirai" {*Slow Int+6}
 35672 | D:14     | Found a viscous altar of Jiyva.
 35688 | D:14     | Noticed a lich
 35737 | D:14     | Found a gate to the Vaults.
 35920 | D:15     | Entered Level 15 of the Dungeon
 36049 | D:15     | Noticed Agnes
 36057 | D:15     | Killed Agnes
 36274 | D:15     | Found Caxulin's Book Shoppe.
 36859 | D:15     | Found a staircase to the Depths.
 37206 | D:14     | HP: 6/139 [freezing wraith[a death knight] (2)]
 37206 | D:14     | Slain by a freezing wraith

Illustrated notes

Levels and vault maps discovered:
D:1:      dpeg_arrival_tiny_i, layout_loops_cross, kennysheep_minor_cross
D:2:      layout_rooms, eino_tiny_chamber, makhleb_altar_promises_db,
          uniq_sigmund
D:3:      layout_basic, overflow_temple_1_default,
          hellmonk_ghost_happy_afterlife, interstate_on_off,
          nicolae_dithmenos_through_a_glass_darkly
D:4:      layout_loops_cross
D:5:      layout_basic, grunt_temple_overflow_open, minmay_temple_entry_junction
D:6:      layout_basic, gammafunk_temple_overflow_elements,
          kennysheep_vampire_church, lemuel_coloured_pillars_altar,
          nicolae_overflow_crystal_walls, serial_shops, shop
D:7:      kennysheep_six_static_rooms, layout_loops_corners
D:8:      layout_basic
D:9:      layout_basic, hiddenorc2_lemuel, serial_shops, nicolae_shop_crystal,
          dk_rats_in_the_wall, uniq_maurice
D:10:     minmay_the_grid_triangle_9x9_recursive_2_mashed
          [minmay_the_grid_triangle_9x9_prize_schism,
          minmay_the_grid_triangle_9x9_semitri,
          minmay_the_grid_triangle_9x9_swiss_cheese,
          minmay_the_grid_triangle_9x9_tough_junction], layout_rooms,
          david_lair_shrubbed, minivault_24
D:11:     layout_basic, serial_shops, shop_statue, grunt_decor_one_mirror,
          ashenzari_altar_1
D:12:     cheibrodos_shockbox, layout_irregular_city
D:13:     lemuel_ice_statue, layout_irregular_city, serial_shops,
          nicolae_shop_competitors_out_of_business, corner_web_ring,
          grunt_ministairs_9
D:14:     gammafunk_jiyva_shrine, layout_basic, david_vaults_1,
          muffindrake_ghost_dual_entry, solitary_fountain, mikee_hates_you
D:15:     grunt_enter_depths_magical_seal, layout_basic, serial_shops, shop,
          shop_fountains, shop_fountains,
          nicolae_shop_temple_entry_statues_fountains, uniq_agnes
Temple:   zaba_magenta_temple
Lair:1:   layout_gridlike, serial_bayou, serial_bayou_crossing,
          serial_bayou_lagoon_a, serial_bayou_pond_e, serial_bayou_pond_b,
          serial_bayou_shore_a, serial_bayou_pond_c, serial_bayou_shore_b,
          grunt_megastairs_2
Lair:2:   layout_regular_city, beast_lair_carwin_11
Lair:3:   layout_regular_city, spider_nest_entry_a, roderic_batcave,
          grunt_megastairs_3
Lair:4:   layout_gridlike, nicolae_swamp_entry_splash_gauntlet,
          grunt_forest_large_clearing_hut, serial_bayou_shore_b,
          lemuel_fruit_fields, infiniplex_staircase_pool
Lair:5:   layout_loops_ring, nicolae_slime_entry_slimehenge, enter_volcano_4,
          gauntlet_entry_generic, kilobyte_rumbling_trees
Lair:6:   grunt_lair_end_beastmaster, layout_hall_layers,
          eino_small_chamber_without_monster

Skill      XL: |  1  2  3  4  5  6  7  8  9 10 11 12 13 14 15 |
---------------+----------------------------------------------+-----
Dodging        | 2 3 4 5 6 7 8 9 10 | 10.3
Fighting       | 1 2 3 4 5 7 8 9 11 12 13 14 | 14.4
Shields        | 1 2 3 4 6 7 9 10 | 10.9
Spellcasting   | 3 4 5 6 7 8 9 10 | 10.3
Conjurations   | 5 6 7 8 9 10 11 | 11.6
Poison Magic   | 3 5 7 9 10 | 10.6
Fire Magic     | 2 4 5 7 8 |  8.7
Stealth        | 3 |  3.4
Evocations     | 2 3 |  3.5

Action                   |  1- 3 |  4- 6 |  7- 9 | 10-12 | 13-15 || total
-------------------------+-------+-------+-------+-------+-------++-------
Melee: Hand axe          |    13 |       |       |       |       ||    13
       Tailslap          |     2 |     2 |     7 |     8 |     3 ||    22
       Trident           |       |    24 |    82 |    48 |       ||   154
       Scythe            |       |     5 |       |       |       ||     5
       Staff             |       |       |       |    18 |    19 ||    37
       Headbutt          |       |       |       |     3 |     6 ||     9
 Cast: Magic Dart        |    72 |    91 |   187 |   405 |   294 ||  1049
       Searing Ray       |     6 |    12 |    41 |   163 |   188 ||   410
       Iskenderun's Myst |       |       |     1 |     2 |       ||     3
       Fulminant Prism   |       |       |     1 |       |     4 ||     5
       Mephitic Cloud    |       |       |       |     5 |    11 ||    16
       Sticky Flame      |       |       |       |     6 |    49 ||    55
       Iskenderun's Batt |       |       |       |       |    27 ||    27
       Olgreb's Toxic Ra |       |       |       |       |    11 ||    11
 Abil: Breathe Noxious F |       |       |    13 |    15 |    10 ||    38
  Use: Potion            |     4 |     2 |     4 |     3 |     2 ||    15
       Scroll            |     2 |       |     9 |     3 |     9 ||    23
 Stab: Sleeping          |       |     1 |     2 |       |     1 ||     4
       Confused          |       |       |     3 |     2 |     1 ||     6
Armor: Skin              |     5 |     6 |    71 |    58 |    69 ||   209
Dodge: Dodged            |    13 |    30 |    83 |   125 |   103 ||   354
Block: Tower shield      |       |       |    20 |   373 |   326 ||   719
       Reflection        |       |       |       |     7 |    19 ||    26
